[Event "Titled Tuesday Blitz July 18 Early 2023"]
[White "Geivondian, Arman"]
[Black "Klimkowski, Jan"]
[WhiteFideId "24102032"]
[BlackFideId "21856222"]
[WhiteElo "2590"]
[BlackElo "2780"]
[Result "0-1"]
[Round "6"]
[TimeControl "180+2"]
[Date "2023.07.18"]
[WhiteClock "0:00:00"]
[BlackClock "0:00:28"]
[Board "29"]

1. e4 c5 2. Nf3 d6 3. Bb5+ Nd7 4. d4 cxd4 5. Qxd4 a6 6. Bxd7+ Bxd7 7. O-O Nf6 8. Bg5 e6 9. c4 Be7 10. Nc3 O-O 11. Rad1 Bc6 12. Rfe1 Qa5 13. b3 Rfd8 14. Bc1 b5 15. Bb2 e5 16. Qd2 b4 17. Nd5 Bxd5 18. exd5 Qxa2 19. Qc2 Qa5 20. Ng5 h6 21. Ne4 Nxe4 22. Qxe4 Bf8 23. Rd3 Qc7 24. Rg3 Qd7 25. Qh4 Kh7 26. f4 exf4 27. Qxf4 Re8 28. Rf1 Re7 29. h4 Rae8 30. Rff3 Re1+ 31. Kh2 R8e4 32. Qf5+ Qxf5 33. Rxf5 Rxh4+ 34. Rh3 Rxh3+ 35. Kxh3 f6 36. Rf3 Kg6 37. Bd4 Kf7 38. Bb6 Ra1 39. Bd4 Ra3 40. Kg4 a5 41. Bb2 Ra2 42. Bc1 Rc2 43. Be3 Rxg2+ 44. Kf4 Ra2 45. Ke4 g6 46. Kd3 f5 47. Bc1 a4 48. bxa4 Rxa4 49. Kc2 Ra1 50. Bb2 Ra8 51. Kb3 Rb8 52. Bc1 Be7 53. Bxh6 Bf6 0-1


[Site "https://www.chess.com"]

[Event "Titled Tuesday Blitz July 18 Early 2023"]
[White "Mogirzan, Matei-Valeriu"]
[Black "Krzyzanowski, Marcin"]
[WhiteFideId "1257455"]
[BlackFideId "1132199"]
[WhiteElo "2570"]
[BlackElo "2778"]
[Result "1-0"]
[Round "6"]
[TimeControl "180+2"]
[Date "2023.07.18"]
[WhiteClock "0:00:10"]
[BlackClock "0:00:02"]
[Board "30"]

1. e4 c5 2. Nf3 Nc6 3. d4 cxd4 4. c3 d3 5. Bxd3 g6 6. h4 h6 7. Nbd2 Bg7 8. Nf1 d6 9. Ne3 Nf6 10. Nd4 h5 11. f3 e5 12. Ndc2 d5 13. exd5 Nxd5 14. Be4 Be6 15. Bxd5 Qe7 16. Bxe6 Qxe6 17. Nd5 O-O-O 18. c4 e4 19. O-O f5 20. Bg5 Rd7 21. Qe2 Ne5 22. fxe4 Ng4 23. Rae1 Re8 24. Qf3 Qd6 25. Bf4 Qc5+ 26. Kh1 Qxc4 27. Nce3 Qxe4 28. Rc1+ Kd8 29. Nxg4 Rxd5 30. Bg5+ Kd7 31. Qxe4 Rxe4 32. Nf6+ Bxf6 33. Bxf6 Re2 34. Rfd1 Red2 35. Rxd2 Rxd2 36. Bc3 Re2 37. Rd1+ Kc6 38. Re1 Rxe1+ 39. Bxe1 Kd5 40. Kg1 Ke4 41. Kf2 Kd3 42. Bc3 b5 43. Kf3 Kc2 44. a3 a5 45. Bxa5 Kxb2 46. Bb4 Kb3 47. Kf4 Kc4 48. Kg5 Kd5 49. Kxg6 Ke4 50. Kxh5 Kf4 51. Bd6+ Ke4 52. Kg5 Kd5 53. Bb4 Ke4 54. g3 f4 55. gxf4 Kf3 56. f5 1-0


[Site "https://www.chess.com"]

[Event "Titled Tuesday Blitz July 18 Early 2023"]
[White "Bendayan Claros, Aaron"]
[Black "Mahdavi, Reza"]
[WhiteFideId "3803392"]
[BlackFideId "12595926"]
[WhiteElo "2451"]
[BlackElo "2776"]
[Result "1-0"]
[Round "6"]
[TimeControl "180+2"]
[Date "2023.07.18"]
[WhiteClock "0:00:05"]
[BlackClock "0:00:06"]
[Board "31"]

1. d4 Nf6 2. Nf3 g6 3. Nbd2 d5 4. e3 Bg7 5. b4 O-O 6. c4 c6 7. Bb2 Nbd7 8. Be2 a5 9. b5 c5 10. O-O cxd4 11. Bxd4 b6 12. cxd5 Nxd5 13. Bxg7 Kxg7 14. Qb3 Bb7 15. Nd4 N5f6 16. Bf3 Nc5 17. Qb2 Bxf3 18. N2xf3 Qd5 19. Nc6 Rfe8 20. Rfd1 Qf5 21. h3 a4 22. Rd4 a3 23. Qe2 e5 24. Rd2 h5 25. Rc1 Nfe4 26. Rd5 f6 27. Nd2 Qe6 28. Nb4 Ra4 29. Nxe4 Rxb4 30. Rd6 Qe7 31. Nxf6 Rf8 32. Nxh5+ gxh5 33. Rxb6 Ne6 34. Qxh5 Qf6 35. Rb7+ Rf7 36. Rxf7+ Qxf7 37. Qxe5+ Qf6 38. Qg3+ Kh7 39. Rc8 Ng7 40. Rc6 Qf5 41. Qd6 Qg5 42. Qxb4 Qf5 43. Qxa3 Qxb5 44. Rc1 Qe2 45. Qc3 Qa6 46. a3 Ne6 47. Qc2+ Kg7 48. Qc4 Qxa3 49. Qxe6 Qxc1+ 50. Kh2 Qc7+ 51. g3 Qc2 52. Qg4+ Kh8 53. Qf3 Qd2 54. Kg2 Qc2 55. h4 Qd2 56. g4 Qb4 57. h5 Qe7 58. Qf5 Qh4 59. Qe5+ Kh7 60. Qg3 Qe7 61. Kh3 Kh8 62. Qf4 Qb7 63. Kh2 Qe7 64. Kg3 Qb7 65. h6 Qh1 66. Qf6+ 1-0


[Site "https://www.chess.com"]

[Event "Titled Tuesday Blitz July 18 Early 2023"]
[White "Skvortsov, Andrei"]
[Black "AndresDelgado77"]
[WhiteFideId "24108600"]
[WhiteElo "2763"]
[BlackElo "2361"]
[Result "1-0"]
[Round "6"]
[TimeControl "180+2"]
[Date "2023.07.18"]
[WhiteClock "0:00:12"]
[BlackClock "0:00:00"]
[Board "32"]

1. e4 e6 2. d4 d5 3. exd5 exd5 4. Nf3 Nc6 5. Bf4 Bg4 6. c3 Bd6 7. Be3 Nge7 8. h3 Bh5 9. Bd3 Qd7 10. Nbd2 Bg6 11. Nb3 Bxd3 12. Qxd3 O-O 13. O-O-O a5 14. Ng5 Qf5 15. g4 Qxd3 16. Rxd3 a4 17. Na1 Ng6 18. Rdd1 Rfe8 19. Nc2 Bf4 20. Nf3 Nd8 21. Rde1 Bxe3+ 22. Rxe3 Ne6 23. Nb4 c6 24. Nd3 Nef4 25. Kd2 Nxd3 26. Kxd3 Nf4+ 27. Kd2 a3 28. b3 Ng2 29. Rxe8+ Rxe8 30. Ne5 f6 31. Nd3 Nh4 32. Ne1 Ng6 33. Ng2 Kf7 34. Re1 Rxe1 35. Kxe1 Ne7 36. Ke2 Nc8 37. Ne1 Nd6 38. f3 Ke6 39. Nc2 f5 40. Nxa3 fxg4 41. hxg4 Kf6 42. Nc2 Kg5 43. Kf2 Kf4 44. Ne3 g6 45. Ng2+ Kg5 46. a4 h5 47. Ne3 h4 48. c4 dxc4 49. bxc4 Kf4 50. c5 Nf7 51. Ng2+ Kg5 52. Ke3 h3 53. Nf4 h2 54. Nh3+ Kh4 55. Nf2 Kg3 56. f4 Nh6 57. Nh1+ Kg2 58. f5 Nxg4+ 59. Kf4 gxf5 60. Ng3 Nf6 61. Nxf5 1-0


[Site "https://www.chess.com"]

[Event "Titled Tuesday Blitz July 18 Early 2023"]
[White "Glavina, Pablo"]
[Black "Shimanov, Aleksandr"]
[WhiteFideId "100234"]
[BlackFideId "4198603"]
[WhiteElo "2398"]
[BlackElo "2993"]
[Result "0-1"]
[Round "6"]
[TimeControl "180+2"]
[Date "2023.07.18"]
[WhiteClock "0:00:08"]
[BlackClock "0:00:10"]
[Board "33"]

1. c4 e5 2. Nc3 d6 3. Nf3 f5 4. g3 Be7 5. Bg2 Nf6 6. O-O O-O 7. d4 e4 8. Nd2 c6 9. d5 Na6 10. f3 exf3 11. Nxf3 cxd5 12. cxd5 Qb6+ 13. Kh1 Ng4 14. Nd4 Bf6 15. e3 g6 16. h3 Ne5 17. Ne6 Bxe6 18. dxe6 Nc7 19. e4 fxe4 20. Nxe4 Be7 21. Bf4 Rad8 22. Rc1 Kh8 23. Ng5 Kg7 24. Nf7 Nxf7 25. exf7 Bf6 26. Qd2 Rxf7 27. Bh6+ Kg8 28. Rf2 d5 29. Rcf1 Rdd7 30. h4 Bg7 31. Be3 d4 32. Bf4 Ne6 33. Bh3 Rde7 34. h5 gxh5 35. Qd1 Qc5 36. Qd3 Qd5+ 37. Bg2 Qd7 38. Be4 Nf8 39. Bg5 Rxf2 40. Bxe7 Rxf1+ 41. Qxf1 Qxe7 42. Bd5+ Kh8 43. Qf5 h4 44. g4 b6 45. Be4 Qd7 46. Qf3 Qd6 47. Kg2 Qg3+ 48. Qxg3 hxg3 49. Kxg3 Be5+ 50. Kf3 Ne6 51. Bb1 Ng5+ 52. Ke2 Kg7 53. Kd3 Kf6 54. Kc4 h6 55. Kd5 Nf3 56. Kc6 Ne1 57. Kb7 d3 58. Bxd3 Nxd3 59. Kxa7 Bxb2 60. Kxb6 Kg5 61. a4 Kxg4 62. a5 Bd4+ 63. Kb5 Nf4 64. Kc4 Bg1 65. a6 h5 66. a7 Bxa7 0-1


[Site "https://www.chess.com"]

[Event "Titled Tuesday Blitz July 18 Early 2023"]
[White "Movahed, Sina"]
[Black "Fiorito, Joaquin"]
[WhiteFideId "42520835"]
[BlackFideId "180173"]
[WhiteElo "2989"]
[BlackElo "2724"]
[Result "1-0"]
[Round "6"]
[TimeControl "180+2"]
[Date "2023.07.18"]
[WhiteClock "0:02:24"]
[BlackClock "0:01:00"]
[Board "34"]

1. e4 c5 2. Nf3 d6 3. d4 cxd4 4. Nxd4 Nf6 5. Nc3 a6 6. Bg5 Nbd7 7. Bc4 e6 8. Qe2 Qb6 9. O-O-O Qc7 10. Bxf6 Nxf6 11. f4 Be7 12. g4 b5 13. Bb3 Bb7 14. g5 Nd7 15. f5 Bxg5+ 16. Kb1 e5 17. Bxf7+ Kxf7 18. Ne6 Qb6 19. Qh5+ Kg8 20. Qxg5 1-0


[Site "https://www.chess.com"]

[Event "Titled Tuesday Blitz July 18 Early 2023"]
[White "Durarbayli, Vasif"]
[Black "Stoyanov, Tsvetan"]
[WhiteFideId "13402935"]
[BlackFideId "2917173"]
[WhiteElo "2921"]
[BlackElo "2723"]
[Result "1-0"]
[Round "6"]
[TimeControl "180+2"]
[Date "2023.07.18"]
[WhiteClock "0:00:24"]
[BlackClock "0:00:01"]
[Board "35"]

1. e4 c5 2. Nf3 d6 3. d4 cxd4 4. Nxd4 Nf6 5. Nc3 a6 6. Be2 e5 7. Nb3 Be6 8. f4 exf4 9. Bxf4 Nc6 10. Qd3 Ne5 11. Qg3 Ng6 12. Bg5 Be7 13. O-O-O Rc8 14. h4 h6 15. Bd2 h5 16. Bg5 Ne5 17. Nd4 b5 18. Rhf1 b4 19. Bxf6 Bxf6 20. Nd5 Bxd5 21. exd5 Bxh4 22. Qxg7 Qg5+ 23. Qxg5 Bxg5+ 24. Kb1 a5 25. Rf5 Be3 26. Nc6 Nxc6 27. dxc6 Ke7 28. Rxa5 Rxc6 29. Bxh5 Rc5 30. Ra7+ Kf6 31. Rxf7+ Ke6 32. Rf3 Re5 33. Bg4+ Ke7 34. Bh3 Rf8 35. Rxf8 Kxf8 36. Rxd6 Bd4 37. Re6 Rxe6 38. Bxe6 Ke7 39. Bc4 Kd6 40. g4 Ke5 41. Bd3 Kf4 42. Bf5 Ke5 43. a4 bxa3 44. bxa3 Kd6 45. g5 Ke5 46. Bd3 Kf4 47. g6 Kg5 48. a4 Kf6 49. a5 Bc3 50. a6 Bd4 51. Ka2 1-0


[Site "https://www.chess.com"]

[Event "Titled Tuesday Blitz July 18 Early 2023"]
[White "Eugene, Floryan"]
[Black "Zhigalko, Sergei"]
[WhiteFideId "20694784"]
[BlackFideId "13502956"]
[WhiteElo "2694"]
[BlackElo "2879"]
[Result "0-1"]
[Round "6"]
[TimeControl "180+2"]
[Date "2023.07.18"]
[WhiteClock "0:00:29"]
[BlackClock "0:00:06"]
[Board "36"]

1. d4 Nf6 2. c4 e6 3. g4 Nxg4 4. e4 Qh4 5. Qe2 Nf6 6. Nc3 Bb4 7. Bg2 Nc6 8. Qd3 d5 9. e5 Qxd4 10. Qxd4 Nxd4 11. exf6 gxf6 12. Kd1 Rg8 13. Bf1 c6 14. Be3 Nf5 15. Nf3 Bd7 16. Bd3 Bxc3 17. Bxf5 Bxb2 18. Rb1 Ba3 19. Bxh7 Rh8 20. Bd3 b6 21. cxd5 cxd5 22. Ke2 Rc8 23. Rb3 Bd6 24. Nd4 Rxh2 25. Rg1 Ke7 26. Nb5 Bxb5 27. Rxb5 Rc7 28. a4 Bc5 29. Bf4 Rxf2+ 30. Ke1 Rxf4 31. Rf1 Rxa4 32. Rb1 f5 33. Bc2 Rd4 34. Bd1 Bb4+ 35. Ke2 Rc3 36. Rf2 Rg3 37. Rh2 a5 38. Kf2 Rc3 39. Be2 Bc5 40. Ke1 Re4 41. Kd2 Bb4 42. Kd1 Rd4+ 43. Ke1 Rb3+ 0-1


[Site "https://www.chess.com"]

[Event "Titled Tuesday Blitz July 18 Early 2023"]
[White "Dimitrov, Atanas"]
[Black "Zemlyanskii, Ivan"]
[WhiteFideId "2901315"]
[BlackFideId "24249971"]
[WhiteElo "2688"]
[BlackElo "2876"]
[Result "0-1"]
[Round "6"]
[TimeControl "180+2"]
[Date "2023.07.18"]
[WhiteClock "0:00:00"]
[BlackClock "0:00:08"]
[Board "37"]

1. Nf3 d5 2. e3 Nf6 3. c4 e6 4. Nc3 Bd6 5. b3 O-O 6. Bb2 Re8 7. d4 b6 8. Be2 Bb7 9. O-O a6 10. Rc1 Nbd7 11. Nd2 Ne4 12. cxd5 exd5 13. Ncxe4 dxe4 14. Nc4 Bf8 15. Qc2 Qg5 16. Rfd1 Rac8 17. g3 Nf6 18. Qd2 Nd5 19. Qe1 b5 20. Nd2 Bd6 21. Qf1 Re6 22. Qg2 Rce8 23. a4 c6 24. axb5 axb5 25. h4 Qe7 26. Ra1 Rg6 27. Nf1 f5 28. Bh5 f4 29. Bxg6 f3 30. Qh3 hxg6 31. Ra7 Bb8 32. Raa1 Bc8 33. Qh1 g5 34. Rdc1 gxh4 35. Qxh4 Qxh4 36. gxh4 Bb7 37. Nd2 Re6 38. Kf1 Kh7 39. Ke1 Nb4 40. Rc3 Rg6 41. Nf1 Nd3+ 42. Rxd3 exd3 43. Bc1 Rg1 44. e4 Bc8 45. Be3 Bh3 46. Kd2 Rxf1 47. Ra8 Bh2 48. d5 cxd5 49. exd5 Rb1 50. Kxd3 Rxb3+ 51. Ke4 Bg4 52. Ra7 Rb4+ 53. Bd4 Kh6 54. Ra6+ Kh5 55. d6 Bg1 56. Kd5 Bh2 57. Bxg7 Kxh4 58. Ra8 Kg5 59. Rg8 Kf5 60. Rf8+ Kg6 61. Bd4 Bf5 62. Rf6+ Kg5 63. Rf8 Bxd6 64. Rg8+ Kh5 65. Be3 Bf4 66. Bxf4 Rxf4 67. Ke5 Rg4 68. Rh8+ Kg5 69. Rg8+ Bg6 70. Rb8 Re4+ 71. Kd5 b4 72. Rb5 Kf4 73. Kc5 Bf5 74. Rxb4 Rxb4 75. Kxb4 Kg4 76. Kc3 Kh3 77. Kd4 Kg2 78. Ke3 Bh3 0-1


[Site "https://www.chess.com"]

[Event "Titled Tuesday Blitz July 18 Early 2023"]
[White "Donchenko, Alexander"]
[Black "Sahib Singh"]
[WhiteFideId "24603295"]
[BlackFideId "25618342"]
[WhiteElo "2860"]
[BlackElo "2657"]
[Result "1-0"]
[Round "6"]
[TimeControl "180+2"]
[Date "2023.07.18"]
[WhiteClock "0:00:42"]
[BlackClock "0:00:09"]
[Board "39"]

1. d4 d5 2. c4 e6 3. Nc3 c6 4. e4 dxe4 5. Nxe4 Bb4+ 6. Bd2 Qxd4 7. Bxb4 Qxe4+ 8. Ne2 Na6 9. Bf8 Ne7 10. Bxg7 Nb4 11. Qd6 Nd3+ 12. Kd2 Nf5 13. Qxd3 Qxd3+ 14. Kxd3 Nxg7 15. g4 e5 16. h3 f6 17. Ng3 Be6 18. Kc3 Ke7 19. Re1 Kf7 20. Bd3 Rad8 21. Rhf1 h5 22. f4 exf4 23. Rxf4 hxg4 24. hxg4 Rh4 25. Re3 Rxg4 26. Rf2 a6 27. b3 b5 28. Ref3 Ke7 29. Ne4 f5 30. Nc5 Bc8 31. Kb4 Kf6 32. Ka5 Rgd4 33. Kb6 R8d6 34. Ne4+ Ke5 35. Nxd6 Kxd6 36. c5+ Ke5 37. Kxc6 Be6 38. Kb6 f4 39. Re2+ Kd5 40. c6 Ne8 41. Rh2 Bg4 42. Be2 Bxf3 43. Bxf3+ Ke5 44. Re2+ 1-0


[Site "https://www.chess.com"]

[Event "Titled Tuesday Blitz July 18 Early 2023"]
[White "Spata, German"]
[Black "Timofeev, Artyom"]
[WhiteFideId "113026"]
[BlackFideId "4140419"]
[WhiteElo "2657"]
[BlackElo "2845"]
[Result "0-1"]
[Round "6"]
[TimeControl "180+2"]
[Date "2023.07.18"]
[WhiteClock "0:00:03"]
[BlackClock "0:01:02"]
[Board "40"]

1. Nf3 Nf6 2. b3 c5 3. Bb2 d6 4. c4 e5 5. d3 g6 6. g3 Bg7 7. Bg2 O-O 8. O-O Nc6 9. Nc3 h6 10. Nd2 Be6 11. Nde4 a6 12. a3 Rb8 13. Rb1 Nxe4 14. dxe4 b5 15. Nd5 Qd7 16. e3 h5 17. f4 bxc4 18. bxc4 Bxd5 19. exd5 Ne7 20. f5 Nxf5 21. Bh3 e4 22. Bxg7 Rxb1 23. Qxb1 Kxg7 24. Qb2+ f6 25. Qb6 Rf7 26. Qxa6 Qa7 27. Qxa7 Rxa7 28. Bxf5 gxf5 29. Rxf5 Rxa3 30. Kf2 Kg6 31. Rf4 f5 32. h3 Ra2+ 33. Kf1 Kg5 34. h4+ Kf6 35. Rf2 Ra1+ 36. Kg2 Rc1 37. Ra2 Rxc4 38. Ra8 Rc2+ 39. Kh3 Ke5 40. Rh8 Re2 41. Rxh5 c4 42. Rh8 Rxe3 43. Rc8 f4 44. h5 Rxg3+ 45. Kh4 Rg1 46. h6 Rh1+ 47. Kg5 f3 48. Kg6 f2 0-1


[Site "https://www.chess.com"]

[Event "Titled Tuesday Blitz July 18 Early 2023"]
[White "Ozen, Bahadir"]
[Black "Iskusnyh, Sergei"]
[WhiteFideId "6337058"]
[BlackFideId "4120027"]
[WhiteElo "2835"]
[BlackElo "2653"]
[Result "1-0"]
[Round "6"]
[TimeControl "180+2"]
[Date "2023.07.18"]
[WhiteClock "0:00:14"]
[BlackClock "0:00:01"]
[Board "41"]

1. g3 d5 2. Nf3 Nf6 3. Bg2 c6 4. O-O Bf5 5. d3 h6 6. c4 e6 7. Qb3 Qb6 8. Be3 Qa6 9. Nc3 Be7 10. cxd5 exd5 11. Qa4 O-O 12. a3 Qxa4 13. Nxa4 Nbd7 14. Rfc1 Rfe8 15. Bd4 Bd6 16. Kf1 Ne5 17. Nxe5 Bxe5 18. Bxe5 Rxe5 19. Nc5 Rae8 20. Nxb7 Bg4 21. e3 Bd7 22. Nc5 Bf5 23. b4 Nd7 24. Nxd7 Bxd7 25. Rc5 g5 26. Ra5 f5 27. Rxa7 Be6 28. Rc1 f4 29. Rxc6 fxe3 30. fxe3 Rf8+ 31. Kg1 Kh8 32. Raa6 Bf5 33. Rxh6+ Kg7 34. e4 dxe4 35. dxe4 Bh7 36. Rhd6 Rc8 37. Rac6 Ra8 38. Rc7+ Kh8 39. Rh6 1-0


[Site "https://www.chess.com"]

[Event "Titled Tuesday Blitz July 18 Early 2023"]
[White "Kuzhilniy, Oleksandr"]
[Black "Kosteniuk, Alexandra"]
[WhiteFideId "34110500"]
[BlackFideId "4128125"]
[WhiteElo "2633"]
[BlackElo "2791"]
[Result "0-1"]
[Round "6"]
[TimeControl "180+2"]
[Date "2023.07.18"]
[WhiteClock "0:00:02"]
[BlackClock "0:00:08"]
[Board "42"]

1. b3 f5 2. Bb2 Nf6 3. c4 g6 4. h4 Bg7 5. e3 d6 6. Be2 e5 7. h5 O-O 8. h6 Bh8 9. Nc3 Nc6 10. d3 Be6 11. Nf3 Ng4 12. Qd2 a5 13. a3 Ne7 14. Ng5 Bd7 15. Bxg4 fxg4 16. Nce4 Nf5 17. d4 exd4 18. exd4 d5 19. cxd5 Re8 20. O-O-O a4 21. b4 Bb5 22. Nxh7 Rxe4 23. Ng5 Qxd5 24. h7+ Kf8 25. Nxe4 Qxe4 26. d5 Kf7 27. Bxh8 Rxh8 28. Kb2 Qe5+ 29. Qc3 Qxc3+ 30. Kxc3 Nd6 31. Rde1 Bd7 32. Kd4 Bf5 33. Kc5 Ne4+ 34. Kd4 Nf6 35. Re3 Nxh7 36. Rc1 Rc8 37. b5 Nf6 38. Rec3 Ne8 39. b6 Ke7 40. bxc7 Kd7 41. Rc4 Nxc7 42. d6 Nb5+ 43. Ke5 Re8+ 44. Kf6 Nxd6 45. Rc7+ Kd8 46. Kg5 g3 47. Rg7 Ne4+ 48. Kf4 gxf2 49. Rd1+ Kc8 50. Rf1 Rf8 51. Ke3 Nc3 52. Kxf2 Bd3+ 53. Ke3 Rxf1 54. Kxd3 Nb5 55. Rxg6 Kc7 56. Kc4 Nxa3+ 57. Kb4 Nc2+ 58. Kxa4 Nd4 59. Kb4 Nc6+ 60. Kc3 Rf5 61. g4 Rc5+ 62. Kb2 Ne5 63. Rg8 Kc6 64. g5 Rb5+ 65. Kc3 Nd7 66. Kc4 Rc5+ 67. Kd4 Rf5 68. g6 Rg5 69. g7 Kd6 70. Rb8 Rg4+ 71. Ke3 Nxb8 0-1


[Site "https://www.chess.com"]

[Event "Titled Tuesday Blitz July 18 Early 2023"]
[White "Remizov, Yaroslav"]
[Black "Ahmad, Khagan"]
[WhiteFideId "34134015"]
[BlackFideId "13431552"]
[WhiteElo "2761"]
[BlackElo "2609"]
[Result "0-1"]
[Round "6"]
[TimeControl "180+2"]
[Date "2023.07.18"]
[WhiteClock "0:00:04"]
[BlackClock "0:00:06"]
[Board "43"]

1. e4 c5 2. Nc3 Nc6 3. Bb5 e6 4. Bxc6 bxc6 5. f4 d5 6. d3 Nf6 7. Nf3 c4 8. e5 Nd7 9. dxc4 Bb4 10. Bd2 Ba6 11. O-O Bxc4 12. Re1 Bc5+ 13. Kh1 Bf2 14. b3 Bxe1 15. Bxe1 Ba6 16. Bh4 Qb6 17. Qe1 Qb4 18. Qe3 c5 19. a3 Qb7 20. Qe1 h6 21. b4 Bc4 22. Rb1 Rb8 23. Qg3 g6 24. Qe1 O-O 25. Be7 Rfe8 26. Bd6 Rbc8 27. bxc5 Qa6 28. Qe3 Qxa3 29. c6 Nc5 30. Bxc5 Qa6 31. Nd4 Rb8 32. Re1 Qa5 33. f5 Qxc5 34. fxg6 fxg6 35. Qxh6 Qf8 36. Qxg6+ Qg7 37. Qh5 Re7 38. Nce2 Bxe2 39. Qxe2 Rf8 40. c3 Qg5 41. Nf3 Qf4 42. h3 Rg7 43. Rb1 Qg3 44. Rf1 Rh7 45. c4 d4 46. c5 Rf5 47. Qe4 Rxh3+ 48. gxh3 Qxh3+ 49. Kg1 Qg3+ 50. Kh1 Rh5+ 51. Nh4 Rxh4+ 52. Qxh4 Qxh4+ 53. Kg2 Qe4+ 54. Rf3 Qxc6 55. Kg3 Qxc5 56. Rf2 Qxe5+ 57. Kg2 d3 58. Kg1 Qe1+ 59. Kg2 d2 60. Kh2 Qxf2+ 61. Kh3 Qg1 62. Kh4 d1=Q 63. Kh3 Qh5# 0-1


[Site "https://www.chess.com"]

[Event "Titled Tuesday Blitz July 18 Early 2023"]
[White "Weetik, Vjacheslav"]
[Black "Rangel, Daniel"]
[WhiteFideId "4153472"]
[BlackFideId "2124475"]
[WhiteElo "2753"]
[BlackElo "2544"]
[Result "1-0"]
[Round "6"]
[TimeControl "180+2"]
[Date "2023.07.18"]
[WhiteClock "0:00:06"]
[BlackClock "0:00:00"]
[Board "44"]

1. d4 Nf6 2. c4 e6 3. g3 d5 4. Nf3 Be7 5. Bg2 O-O 6. O-O a5 7. Nc3 c6 8. Nd2 b6 9. e4 dxc4 10. Nxc4 Nfd7 11. d5 Ba6 12. b3 e5 13. Re1 Bb4 14. Bb2 Bxc4 15. bxc4 Qe7 16. Kh1 Rd8 17. f4 Ba3 18. Qc1 Bxb2 19. Qxb2 Qb4 20. Rab1 Qxc4 21. Rec1 Qb4 22. Qxb4 axb4 23. Rxb4 cxd5 24. Nxd5 Na6 25. Rb5 exf4 26. gxf4 Nac5 27. Rd1 Rdb8 28. Rd2 Ra4 29. e5 Kf8 30. h3 Rba8 31. Nxb6 Nxb6 32. Bxa8 Nc4 33. Rc2 Nd3 34. Rxc4 Rxc4 35. f5 Rc1+ 36. Kg2 Ke7 37. Rb7+ Ke8 38. Rb5 Rc5 39. Rxc5 Nxc5 40. Kf3 Ke7 41. Bd5 Nd7 42. Ke4 Nc5+ 43. Kd4 Nd7 44. a4 g6 45. f6+ Ke8 46. Bc6 Kd8 47. Bxd7 Kxd7 48. Kd5 h5 49. a5 g5 50. a6 g4 51. hxg4 h4 52. a7 h3 53. a8=Q h2 54. Qb7+ 1-0


[Site "https://www.chess.com"]

[Event "Titled Tuesday Blitz July 18 Early 2023"]
[White "musclemonster12"]
[Black "Xu, Yi"]
[BlackFideId "8605564"]
[WhiteElo "2569"]
[BlackElo "2739"]
[Result "0-1"]
[Round "6"]
[TimeControl "180+2"]
[Date "2023.07.18"]
[WhiteClock "0:00:00"]
[BlackClock "0:01:21"]
[Board "45"]

1. c4 Nf6 2. Nc3 e5 3. Nf3 Nc6 4. g3 Bb4 5. Bg2 Bxc3 6. dxc3 d6 7. O-O h6 8. Qc2 Be6 9. b3 Qd7 10. Rd1 Bh3 11. Bh1 Qe6 12. Nd2 O-O 13. Nf1 e4 14. Ne3 Ne7 15. Qd2 Rae8 16. Nd5 Nexd5 17. cxd5 Qg4 18. Qe3 Qh5 19. c4 Ng4 20. Qd4 f5 21. Bb2 Rf6 22. f3 Nxh2 23. Kxh2 Bf1+ 24. Kg1 Bxe2 25. Re1 exf3 26. Qf2 Rg6 27. Bxf3 Bxf3 28. Rxe8+ Kf7 29. Qe1 Qh1+ 30. Kf2 Qg2+ 31. Ke3 Kxe8 32. Kf4+ Kf7 0-1


[Site "https://www.chess.com"]

[Event "Titled Tuesday Blitz July 18 Early 2023"]
[White "Bilan, Danila"]
[Black "Ashraf, Artin"]
[WhiteFideId "24161918"]
[BlackFideId "22514805"]
[WhiteElo "2538"]
[BlackElo "2732"]
[Result "0-1"]
[Round "6"]
[TimeControl "180+2"]
[Date "2023.07.18"]
[WhiteClock "0:00:00"]
[BlackClock "0:01:13"]
[Board "46"]

1. d4 a6 2. Nf3 b5 3. e3 Bb7 4. c4 bxc4 5. Bxc4 e6 6. Nc3 Nf6 7. O-O Bxf3 8. Qxf3 d5 9. Bb3 c6 10. e4 Bb4 11. e5 Nfd7 12. Qg3 g6 13. Na4 O-O 14. Bh6 Re8 15. Rac1 Bf8 16. Bxf8 Rxf8 17. Rc3 Ra7 18. Rfc1 Rc7 19. Qf4 Qe7 20. Rh3 Rfc8 21. Nc5 Qf8 22. Qh4 Qg7 23. Rhc3 Nxc5 24. Rxc5 Nd7 25. R5c3 c5 26. f4 Qf8 27. Qf2 c4 28. Bd1 Qd8 29. Rh3 f5 30. exf6 Nxf6 31. Re3 Ne4 32. Qe1 Qf6 33. g3 Qxd4 34. Bf3 Nd2 35. Bg2 Qxb2 36. Rxe6 Qd4+ 37. Kh1 c3 38. Re8+ Rxe8 39. Qxe8+ Kg7 40. Re1 Ne4 41. Bxe4 dxe4 42. Rxe4 Qd5 43. Kg1 Qc5+ 44. Kg2 c2 0-1


[Site "https://www.chess.com"]

[Event "Titled Tuesday Blitz July 18 Early 2023"]
[White "Panesar Vedant"]
[Black "Jiang, Andrew"]
[WhiteFideId "35033018"]
[BlackFideId "30953510"]
[WhiteElo "2727"]
[BlackElo "2395"]
[Result "1-0"]
[Round "6"]
[TimeControl "180+2"]
[Date "2023.07.18"]
[WhiteClock "0:00:32"]
[BlackClock "0:00:03"]
[Board "47"]

1. d4 d5 2. Nf3 Nf6 3. c4 c6 4. cxd5 cxd5 5. Nc3 Nc6 6. Bf4 g6 7. e3 Bg7 8. h3 O-O 9. Be2 a6 10. O-O Bd7 11. Rc1 Rc8 12. a3 Re8 13. Qb3 Na5 14. Qa2 b5 15. Nxd5 Be6 16. Nxf6+ Bxf6 17. Rxc8 Qxc8 18. d5 Bf5 19. b4 Nb7 20. Ne5 Qc3 21. Nc6 Nd6 22. a4 bxa4 23. Qxa4 Be4 24. Nxe7+ Rxe7 25. Bxd6 Bc2 26. Qc6 Qxc6 27. dxc6 Re6 28. c7 Re8 29. Bxa6 Bf5 30. b5 Ra8 31. Rc1 Bb2 32. c8=Q+ Rxc8 33. Rxc8+ Bxc8 34. Bxc8 1-0


[Site "https://www.chess.com"]

[Event "Titled Tuesday Blitz July 18 Early 2023"]
[White "Vokhidov, Shamsiddin"]
[Black "favesaul"]
[WhiteFideId "14204223"]
[WhiteElo "2915"]
[BlackElo "2438"]
[Result "1-0"]
[Round "6"]
[TimeControl "180+2"]
[Date "2023.07.18"]
[WhiteClock "0:02:34"]
[BlackClock "0:00:24"]
[Board "48"]

1. c3 Nf6 2. d4 g6 3. Nf3 Bg7 4. Bf4 O-O 5. e3 d6 6. Nbd2 c5 7. h3 b6 8. Bd3 Bb7 9. O-O Nbd7 10. Bh2 Qc7 11. Qe2 e5 12. dxe5 dxe5 13. Nc4 Rfe8 14. e4 Nh5 15. Qe3 Nf4 16. Bc2 Ba6 17. b3 Bh6 18. Kh1 b5 19. Ncxe5 Nxe5 20. Bxf4 Bxf4 21. Qxf4 c4 22. b4 Bb7 23. a4 a6 24. axb5 axb5 25. Rxa8 Bxa8 26. Ra1 f6 27. Qxf6 Nxf3 28. Qxf3 Qe5 29. Qe3 Bxe4 30. Re1 Bxg2+ 31. Kxg2 Qd5+ 32. Be4 Qd6 33. Qc5 1-0


[Site "https://www.chess.com"]

[Event "Titled Tuesday Blitz July 18 Early 2023"]
[White "Bodnaruk, Anastasia"]
[Black "demon64fields"]
[WhiteFideId "4181751"]
[WhiteElo "2579"]
[BlackElo "2885"]
[Result "0-1"]
[Round "6"]
[TimeControl "180+2"]
[Date "2023.07.18"]
[WhiteClock "0:00:02"]
[BlackClock "0:01:17"]
[Board "49"]

1. e4 a6 2. d4 b5 3. Bd3 Bb7 4. f4 Nf6 5. Nd2 e6 6. Ngf3 c5 7. c3 d5 8. e5 Nfd7 9. Nf1 g6 10. h4 h5 11. Be3 Nc6 12. Ng5 Qe7 13. Nh2 c4 14. Bc2 O-O-O 15. Nhf3 Kb8 16. O-O Nb6 17. a4 b4 18. a5 Nc8 19. b3 Bh6 20. Qe2 cxb3 21. Bxb3 N8a7 22. c4 Bxg5 23. hxg5 dxc4 24. Bxc4 h4 25. Bxa6 Bxa6 26. Qxa6 Qb7 27. Qe2 Qb5 28. Qd2 h3 29. Rfc1 hxg2 30. Kxg2 Qd5 31. Qf2 Ne7 32. Qd2 Nac6 33. Rc5 Rh2+ 34. Kxh2 Qxf3 35. Kg1 Rh8 36. Rb5+ Kc7 37. Qg2 Qxe3+ 38. Kf1 Qd3+ 39. Qe2 Rh1+ 0-1


[Site "https://www.chess.com"]